 Dungeon Crawl Stone Soup version 0.31-a0-256-g80acddb972 (webtiles) character file.

Game seed: 6202303257466016843

144 qw the Shooter (level 5, -3/45 HPs)
             Began as a Minotaur Hexslinger on July 12, 2023.
             Killed from afar by an orc wizard (13 damage)
             ... with a puff of flame
             ... on level 4 of the Dungeon.
             The game lasted 00:00:50 (2099 turns).

qw the Shooter (Minotaur Hexslinger)                Turns: 2099, Time: 00:00:50

Health: -3/45      AC:  5    Str: 13    XL:     5   Next: 5%
Magic:  5/5        EV: 11    Int: 10    God:
Gold:   1214       SH:  0    Dex: 14    Spells: 5/6 levels left

rFire   . . .        Y - +1 sling
rCold   . . .        (no shield)
rNeg    . . .        d - +0 ring mail
rPois   .            (helmet restricted)
rElec   .            (no cloak)
rCorr   .            (no gloves)
SInv    .            (no boots)
Will    .....        (no amulet)
Stlth   +            (no ring)
HPRegen 0.27/turn    (no ring)
MPRegen 0.09/turn

%: no passive effects
@: no status effects
A: horns 2, retaliatory headbutt
a: no special abilities


You were on level 4 of the Dungeon.
You visited 1 branch of the dungeon, and saw 4 of its levels.

You collected 1214 gold pieces.


Innate Abilities, Weirdness & Mutations

You have a pair of horns on your head.
You reflexively headbutt those who attack you in melee.


   Skills:
 - Level 3.0 Fighting
 + Level 5.0 Ranged Weapons
 - Level 1.1 Armour
 - Level 2.1 Dodging
 - Level 1.0 Spellcasting
 - Level 2.0 Hexes


You had 5 spell levels left.
You knew the following spells:

 Your Spells              Type           Power      Damage    Failure   Level
a - Slow                  Hex            16%        N/A       32%         1

Your spell library contained the following spells:

 Spells                   Type           Power      Damage    Failure   Level
 Inner Flame              Hex/Fire       2%         N/A       82%         3
 Portal Projectile        Hex/Tloc       4%         N/A       82%         3
 Cause Fear               Hex            2%         N/A       97%         4

Inventory:

Hand Weapons
 Y - a +1 sling (weapon)
Armour
 d - a +0 ring mail (worn)
Scrolls
 g - a scroll of identify
 i - 2 scrolls of enchant armour
Potions
 a - a potion of enlightenment
 b - a potion of haste
 f - a potion of resistance
 h - a potion of attraction {unknown}

Dungeon Overview and Level Annotations

Branches:
Dungeon (4/15)
 Temple: D:4-7

Altars:

Annotations:
D:2 1 runed translucent door, Crazy Yiuf


Message History

You shoot a sling bullet. The sling bullet hits the orc.
You kill the orc!
Something hits you but does no damage.
Your Fighting skill increases to level 3!
You shoot a sling bullet.
The sling bullet barely misses the worm.
Something hits you but does no damage.
You shoot a sling bullet.
The sling bullet barely misses the worm.
Something hits you. The worm closely misses you.
You shoot a sling bullet. The sling bullet hits the worm.
The worm is severely wounded.
Something hits you. The worm barely misses you.
Something hits you but does no damage.
You shoot a sling bullet. The sling bullet hits the worm.
You kill the worm!
Something hits you.
You shoot a sling bullet. Something hits you but does no damage.
You shoot a sling bullet. Something hits you but does no damage.
Something hits you.
You shoot a sling bullet. Something hits you but does no damage.
You shoot a sling bullet. Something hits you.
You shoot a sling bullet. Something hits you but does no damage.
You shoot a sling bullet. Something hits you. x2
You shoot a sling bullet.
You hear some strange, mumbled words.
A magic dart appears from out of thin air!
The magic dart hits you.
You shoot a sling bullet. Something hits you but does no damage.
You shoot a sling bullet.
You hear some strange, mumbled words.
A puff of flame appears from out of thin air!
The puff of flame hits you!
You die...

###.......###
...........
.........
:...... .....
... ##)# ###
#{@#
##.#####.##
#.<......#
##.#######
#.# #.# #.#
#.# ..#


There were no monsters in sight!

Vanquished Creatures
  Terence (D:2)
  An orc wizard (D:4)
  3 adders
  2 worms
  4 dart slugs
  An orc (D:4)
  2 ball pythons
  3 bats (D:1)
  6 endoplasms
  6 giant cockroaches
  4 goblins
  2 hobgoblins
  3 quokkas
  A frilled lizard (D:2)
  6 kobolds
  7 rats
52 creatures vanquished.

Notes
Turn   | Place    | Note
-------+----------+-------------------------------------------
     0 | D:1      | qw the Minotaur Hexslinger began the quest for the Orb.
     0 | D:1      | Reached XP level 1. HP: 16/16 MP: 1/1
     0 | D:1      | 0 ||| qw: Version: 0.3-a-52-g30416fa
     0 | D:1      | 0 ||| qw: Game counter: 6741
     0 | D:1      | 0 ||| qw: Melee chars always use a shield: true
     0 | D:1      | 0 ||| qw: God list: Okawaru
     0 | D:1      | 0 ||| qw: Allow faded altars: false
     0 | D:1      | 0 ||| qw: Do Orc after clearing Dungeon:15 true
     0 | D:1      | 0 ||| qw: Do second Lair branch before Depths: true
     0 | D:1      | 0 ||| qw: Lair rune preference: random
     0 | D:1      | 0 ||| qw: Goals: Normal
     0 | D:1      | 0 ||| PLANNING D:1-11
   109 | D:1      | Reached skill level 3 in Ranged Weapons
   109 | D:1      | Reached XP level 2. HP: 18/23 MP: 2/2
   435 | D:1      | Reached XP level 3. HP: 29/29 MP: 3/3
   656 | D:1      | 656 ||| UPGRADING to +0 ring mail.
   666 | D:1      | 666 ||| DROPPING +0 robe.
   667 | D:1      | 667 ||| READING scroll labelled JAICIRPHOLU.
   667 | D:1      | Identified a scroll of acquirement
   667 | D:1      | 667 ||| ACQUIRING 939 gold pieces
   667 | D:1      | Acquired 939 gold pieces
   669 | D:1      | 669 ||| READING 2 scrolls labelled SETAUS XEPIAQ.
   670 | D:1      | 670 ||| READING 2 scrolls labelled GECUAR ZAMMU.
   671 | D:1      | 671 ||| DROPPING scroll of poison.
   709 | D:2      | Noticed Terence
   718 | D:2      | Killed Terence
   719 | D:2      | Reached skill level 4 in Ranged Weapons
   797 | D:2      | Found a faded altar of an unknown god.
   866 | D:2      | Reached skill level 1 in Armour
   867 | D:2      | 867 ||| FLEEEEING.
   868 | D:2      | 868 ||| FLEEEEING.
   869 | D:2      | 869 ||| FLEEEEING.
   870 | D:2      | 870 ||| FLEEEEING.
   871 | D:2      | 871 ||| STAIRDANCE
   895 | D:1      | 895 ||| DROPPING ring of flight.
   896 | D:1      | 896 ||| READING scroll labelled RUPALL DIPROTIG.
   897 | D:1      | 897 ||| READING scroll labelled LUL JEWKYASK.
   916 | D:2      | Reached XP level 4. HP: 36/36 MP: 4/4
  1379 | D:2      | Found a runed translucent door.
  1380 | D:2      | Noticed Crazy Yiuf
  1736 | D:3      | Reached skill level 5 in Ranged Weapons
  2020 | D:3      | 2020 ||| DRINKING 2 brown potions.
  2021 | D:3      | 2021 ||| READING 3 scrolls of identify.
  2021 | D:3      | 2021 ||| IDENTIFYING sedimented red potion
  2022 | D:3      | 2022 ||| READING 2 scrolls of identify.
  2022 | D:3      | 2022 ||| IDENTIFYING inky potion
  2081 | D:4      | Reached XP level 5. HP: 36/44 MP: 5/5
  2087 | D:4      | Reached skill level 3 in Fighting
  2097 | D:4      | HP: 9/45 [something/magic dart (4)]
  2099 | D:4      | Killed from afar by an orc wizard

Levels and vault maps discovered:
D:1:      lightli_arrival_farm, layout_loops_ring, minmay_pentomino_s4
D:2:      layout_loops_ring, chequers_ecumenical_altar_lobes,
          uniq_crazy_yiuf_cottage, uniq_terence
D:3:      layout_rooms, minmay_misc_feat_iff
D:4:      nicolae_cairo_tiling_very_big, layout_loops_cross,
          nicolae_qazlal_beasts_of_the_sky, mainiacjoe_overflow_boulevard

Skill      XL: |  1  2  3  4  5 |
---------------+----------------+-----
Ranged Weapons | 3 4 5 |  5.0
Fighting       | 2 3 |  3.0
Armour         | 1 |  1.1
Dodging        | |  2.1
Spellcasting   | |  1.0
Hexes          | |  2.0

Action                     |  1- 3 |  4- 6 || total
---------------------------+-------+-------++-------
  Melee: Unarmed           |     6 |       ||     6
   Fire: Sling             |    71 |   110 ||   181
    Use: Scroll            |     5 |     2 ||     7
         Potion            |       |     1 ||     1
 Armour: Robe              |     4 |       ||     4
         Ring mail         |     4 |    32 ||    36
         Skin              |     1 |       ||     1
  Dodge: Dodged            |    18 |    28 ||    46

Table legend:
 A = Non-vault XP
 B = Vault XP
 C = Vault XP percentage of total XP
 D = Non-vault monster count
 E = Vault monster count
 F = Vault count percentage of total count
                 A         B        C        D         E       F
            +---------+---------+-------+---------+---------+-------
      Total |     167 |      40 |  19.3 |      48 |       4 |   7.7
            +---------+---------+-------+---------+---------+-------
        D:1 |      39 |       4 |   9.3 |      20 |       3 |  13.0
        D:2 |      48 |      36 |  42.9 |      13 |       1 |   7.1
        D:3 |      37 |       0 |   0.0 |      12 |       0 |   0.0
        D:4 |      43 |       0 |   0.0 |       3 |       0 |   0.0
            +---------+---------+-------+---------+---------+-------
